[Event "Titled Tuesday Blitz December 27 Early 2022"]
[White "Bortnyk, Olexandr"]
[Black "Demin, Vladimir"]
[WhiteFideId "14120828"]
[BlackFideId "4167457"]
[WhiteElo "2605"]
[BlackElo "2430"]
[Result "0-1"]
[Round "04"]
[TimeControl "180+2"]
[Date "2022.12.27"]
[WhiteClock "0:00:06"]
[BlackClock "0:00:40"]

1. d4 Nf6 2. Nc3 d5 3. Bf4 a6 4. e3 e6 5. a3 b5 6. Nf3 Bb7 7. Bd3 c5 8. O-O Nbd7 9. Re1 Be7 10. h3 O-O 11. Ne5 Nxe5 12. dxe5 Nd7 13. Qg4 Re8 14. Rad1 Qb6 15. Be2 Rad8 16. Bh2 f5 17. Qh5 g6 18. Qh6 Bf8 19. Qh4 Bg7 20. f4 d4 21. exd4 cxd4 22. Nb1 d3+ 23. Qf2 Qxf2+ 24. Kxf2 dxe2 25. Rxe2 Nc5 26. Ree1 Bf8 27. Nc3 Ne4+ 28. Nxe4 Bxe4 29. c3 Bc5+ 30. Kg3 Bc2 31. Rxd8 Rxd8 32. Bg1 Bxg1 33. Rxg1 Be4 34. Rc1 Rd2 35. c4 Rxg2+ 36. Kh4 Rc2 37. cxb5 Rxc1 0-1


[Site "https://www.chess.com"]

[Event "Titled Tuesday Blitz December 27 Early 2022"]
[White "Bringas Gomez, Artai"]
[Black "Roque Sola, Jose Luis"]
[WhiteFideId "24534064"]
[BlackFideId "5120390"]
[WhiteElo "2206"]
[BlackElo "2217"]
[Result "1-0"]
[Round "04"]
[TimeControl "180+2"]
[Date "2022.12.27"]
[WhiteClock "0:02:06"]
[BlackClock "0:00:46"]

1. e4 e6 2. Nf3 d5 3. d3 c5 4. Nc3 Nc6 5. Be2 Nf6 6. O-O g6 7. exd5 exd5 8. d4 cxd4 9. Nxd4 Nxd4 10. Qxd4 Bg7 11. Bb5+ Bd7 12. Re1+ Kf8 13. Bg5 Bxb5 14. Nxb5 a6 15. Nc3 Qd6 16. Bf4 Qc6 17. Be5 Rd8 18. Rad1 Ne8 19. Bxg7+ Nxg7 20. Nxd5 Rg8 21. Qh4 Rxd5 22. Qe7# 1-0


[Site "https://www.chess.com"]

[Event "Titled Tuesday Blitz December 27 Early 2022"]
[White "Buscar, Michael"]
[Black "Saleem, Arshaq"]
[WhiteFideId "2603616"]
[BlackFideId "2081857"]
[WhiteElo "2041"]
[BlackElo "2133"]
[Result "0-1"]
[Round "04"]
[TimeControl "180+2"]
[Date "2022.12.27"]
[WhiteClock "0:00:06"]
[BlackClock "0:00:12"]

1. Nf3 Nf6 2. b3 g6 3. Bb2 Bg7 4. e4 O-O 5. e5 Nd5 6. c4 Nb6 7. d4 d6 8. exd6 exd6 9. Be2 c5 10. O-O Nc6 11. Na3 Bg4 12. Nc2 Re8 13. h3 Bxf3 14. Bxf3 Qf6 15. dxc5 Qxb2 16. cxb6 axb6 17. Bd5 Rxa2 18. Rxa2 Qxa2 19. Bxc6 bxc6 20. Nb4 Qa3 21. Nxc6 Qc5 22. Qd5 Bf6 23. Rd1 Re2 24. Qf3 Re6 25. Nb8 Qc8 26. Nc6 Kg7 27. b4 Qa6 28. b5 Qa2 29. Qd5 Qe2 30. Qd3 Qxd3 31. Rxd3 Re4 32. Rxd6 Rxc4 33. g3 Bb2 34. Kg2 Rc2 35. Kf3 Ba3 36. Rd3 Bc5 37. Nd4 Rb2 38. Ke4 Rxf2 39. Kd5 h5 40. h4 Rf6 41. Nc6 Rd6+ 42. Kc4 Rxd3 43. Kxd3 Kf6 44. Ke4 Ke6 45. Nd8+ Ke7 46. Nc6+ Kd6 47. Ne5 Ke6 48. Nc4 f6 49. Nd2 g5 50. hxg5 fxg5 51. Nb3 Bf2 52. Kf3 Bg1 53. Ke4 Bc5 54. Nxc5+ bxc5 55. b6 Kd6 56. b7 Kc7 57. Kd5 h4 58. gxh4 gxh4 59. Kxc5 h3 0-1


[Site "https://www.chess.com"]

[Event "Titled Tuesday Blitz December 27 Early 2022"]
[White "Cardona, Liulia"]
[Black "Roque Sola, Gisela"]
[WhiteFideId "3505189"]
[BlackFideId "5120241"]
[WhiteElo "2115"]
[BlackElo "2061"]
[Result "1-0"]
[Round "04"]
[TimeControl "180+2"]
[Date "2022.12.27"]
[WhiteClock "0:02:04"]
[BlackClock "0:00:18"]

1. e4 c5 2. Nf3 Nc6 3. d4 cxd4 4. Nxd4 Nf6 5. Nc3 e5 6. Ndb5 d6 7. a4 a6 8. Na3 Be6 9. Bg5 Be7 10. Bxf6 Bxf6 11. Bc4 Nd4 12. O-O Rc8 13. Nd5 Bxd5 14. Bxd5 Qd7 15. c3 Ne6 16. g3 h5 17. Nc4 Ng5 18. h4 Nh3+ 19. Kh2 Rxc4 20. Bxc4 g5 21. Qf3 gxh4 22. Qxf6 Rg8 23. Qxf7+ Qxf7 24. Bxf7+ Kxf7 25. Kxh3 1-0


[Site "https://www.chess.com"]

[Event "Titled Tuesday Blitz December 27 Early 2022"]
[White "Cardoso Cardoso, Jose Gabriel"]
[Black "Tikhonov, Viacheslav"]
[WhiteFideId "4430492"]
[BlackFideId "44196407"]
[WhiteElo "2492"]
[BlackElo "2220"]
[Result "1-0"]
[Round "04"]
[TimeControl "180+2"]
[Date "2022.12.27"]
[WhiteClock "0:00:07"]
[BlackClock "0:00:15"]

1. d4 Nf6 2. Nc3 d5 3. Bf4 c5 4. e3 cxd4 5. exd4 Bg4 6. f3 Bd7 7. Qd2 e6 8. g4 a6 9. h4 Nc6 10. h5 h6 11. O-O-O Rc8 12. Nge2 Na5 13. b3 Bb4 14. Qe3 Qb6 15. Be5 Ba3+ 16. Kd2 Bb4 17. Ke1 Qc6 18. Rd3 Kf8 19. Kf2 Ne8 20. Rg1 f6 21. Bh2 Bd6 22. Nf4 Kf7 23. Bh3 Bb4 24. Nfe2 Nd6 25. Qf4 Rhe8 26. Re3 Nb5 27. Nxb5 axb5 28. c3 Bf8 29. g5 hxg5 30. Rxg5 Bd6 31. Rxg7+ Kxg7 32. Qxd6 Qxd6 33. Bxd6 Nc6 34. Nf4 Kf7 35. Nd3 Ra8 36. Re2 b6 37. Nf4 Ra7 38. h6 b4 39. Bxb4 Nxb4 40. cxb4 e5 41. Bxd7 Rxd7 42. Nd3 exd4 43. Rc2 Rh8 44. Rc6 Rxh6 45. Kg3 Rg6+ 46. Kf4 Ra7 47. a4 Re7 48. Rc2 Re3 49. Rd2 Rg1 50. a5 bxa5 51. bxa5 Rf1 52. Nf2 Ra1 53. Rxd4 Rxb3 54. Rxd5 Ra4+ 55. Ne4 Raa3 56. Nd6+ Ke6 57. Rd4 Rxf3+ 58. Kg4 Rfd3 59. Rxd3 Rxd3 60. Nb5 Rb3 61. Nd4+ Kd5 62. Nxb3 Ke4 63. a6 f5+ 64. Kh3 Ke3 65. a7 f4 66. a8=Q f3 67. Kg3 f2 68. Qf3# 1-0


[Site "https://www.chess.com"]

[Event "Titled Tuesday Blitz December 27 Early 2022"]
[White "Chernov, Mikhail"]
[Black "Goltseva, Ekaterina"]
[WhiteFideId "24143170"]
[BlackFideId "24173770"]
[WhiteElo "2205"]
[BlackElo "2283"]
[Result "0-1"]
[Round "04"]
[TimeControl "180+2"]
[Date "2022.12.27"]
[WhiteClock "0:00:27"]
[BlackClock "0:01:12"]

1. d4 d5 2. Nc3 Nf6 3. Bf4 e6 4. e3 c5 5. Nb5 Na6 6. c3 Be7 7. a4 O-O 8. g4 Ne4 9. Be2 Bh4 10. Bg3 f5 11. Qc2 cxd4 12. Nxd4 fxg4 13. Bxg4 Nxf2 14. Bxe6+ Kh8 15. Ngf3 Bxg3 16. hxg3 Nxh1 17. O-O-O Nxg3 18. Rg1 Ne4 19. Ne5 Qf6 20. Ng6+ Qxg6 21. Rxg6 Rf1+ 0-1


[Site "https://www.chess.com"]

[Event "Titled Tuesday Blitz December 27 Early 2022"]
[White "Chigaev, Maksim"]
[Black "Tan, Zhongyi"]
[WhiteFideId "4108116"]
[BlackFideId "8603642"]
[WhiteElo "2628"]
[BlackElo "2517"]
[Result "0-1"]
[Round "04"]
[TimeControl "180+2"]
[Date "2022.12.27"]
[WhiteClock "0:00:10"]
[BlackClock "0:00:02"]

1. e4 c5 2. Nf3 d6 3. c3 Nf6 4. g3 g6 5. Bg2 Bg7 6. O-O O-O 7. Re1 Nc6 8. a4 e5 9. d3 Re8 10. Na3 h6 11. Nc4 b6 12. Nfd2 Be6 13. Ne3 d5 14. c4 dxc4 15. dxc4 Nd4 16. Nd5 Nxd5 17. cxd5 Bd7 18. Nc4 Qc7 19. Be3 Rad8 20. Rc1 Bc8 21. b3 Ba6 22. h4 Kh7 23. h5 g5 24. Bh3 Qe7 25. Kg2 Qf6 26. Bxd4 cxd4 27. Bf5+ Kg8 28. g4 Bf8 29. Nb2 Bb4 30. Rc7 Bxe1 31. Qxe1 Bc8 32. Rc6 Qg7 33. Nd3 Bxf5 34. gxf5 Qf8 35. b4 Rd6 36. Qc1 f6 37. b5 Red8 38. Qc4 Kg7 39. Kg3 Qf7 40. Kg4 R8d7 41. Nb4 Rd8 42. Na6 Qe7 43. Nc7 Rxc6 44. bxc6 Qxc7 45. Kg3 Qd6 46. Kg4 Rc8 47. Kg3 Kf7 48. Kg4 Ke7 49. Kg3 Rc7 50. Kg4 Qc5 51. Qb3 Qc3 52. Qb5 Kd6 53. a5 Qxa5 54. Qb3 Qc5 55. Qb2 a5 56. Qb3 Ra7 57. Qa4 b5 58. Qa2 a4 59. Qb1 b4 60. f4 gxf4 61. Qg1 Rg7+ 0-1


[Site "https://www.chess.com"]

[Event "Titled Tuesday Blitz December 27 Early 2022"]
[White "Costachi, Mihnea"]
[Black "Ratnesan, Ranesh"]
[WhiteFideId "1217518"]
[BlackFideId "439339"]
[WhiteElo "2476"]
[BlackElo "2260"]
[Result "1-0"]
[Round "04"]
[TimeControl "180+2"]
[Date "2022.12.27"]
[WhiteClock "0:01:39"]
[BlackClock "0:00:21"]

1. e4 c5 2. b4 cxb4 3. d4 d5 4. e5 Nc6 5. Nf3 Bg4 6. Be2 e6 7. O-O Nh6 8. Bxh6 gxh6 9. a3 bxa3 10. Nxa3 a6 11. c3 Rc8 12. h3 Bf5 13. Bd3 Bg6 14. Qe2 Rg8 15. Rfb1 b5 16. Nc2 Nb8 17. Nb4 Rxc3 18. Bxg6 Rxg6 19. Nxa6 Nxa6 20. Qxb5+ Qd7 21. Qxa6 Be7 22. Rb7 Qc6 23. Qa8+ Bd8 24. Rb8 Rc1+ 25. Kh2 Qxa8 26. Raxa8 1-0


[Site "https://www.chess.com"]

[Event "Titled Tuesday Blitz December 27 Early 2022"]
[White "Cruz, William Ferreira Da"]
[Black "Stead, Kerry"]
[WhiteFideId "2118050"]
[BlackFideId "3202577"]
[WhiteElo "2216"]
[BlackElo "1908"]
[Result "1-0"]
[Round "04"]
[TimeControl "180+2"]
[Date "2022.12.27"]
[WhiteClock "0:00:33"]
[BlackClock "0:00:53"]

1. d4 c5 2. d5 f5 3. c4 g6 4. Nc3 Bg7 5. Nf3 Bxc3+ 6. bxc3 Qa5 7. Bd2 d6 8. e4 fxe4 9. Ng5 Nf6 10. f3 exf3 11. Qxf3 h6 12. Ne4 Nbd7 13. Bd3 Ne5 14. Nxf6+ exf6 15. Bxg6+ Nxg6 16. Qxf6 Rg8 17. O-O Ne7 18. Rae1 Qc7 19. Qf7+ Kd8 20. Rxe7 Qxe7 21. Qxg8+ Kc7 22. Rf7 Bd7 23. Qg7 Qe8 24. Re7 Qd8 25. Bf4 a5 26. Bxd6+ Kb6 27. Rxd7 Qh4 28. Rxb7+ Ka6 29. Rb1 1-0


[Site "https://www.chess.com"]

[Event "Titled Tuesday Blitz December 27 Early 2022"]
[White "Deac, Bogdan-Daniel"]
[Black "Rustemov, Alexander"]
[WhiteFideId "1226380"]
[BlackFideId "4119002"]
[WhiteElo "2700"]
[BlackElo "2525"]
[Result "1-0"]
[Round "04"]
[TimeControl "180+2"]
[Date "2022.12.27"]
[WhiteClock "0:00:07"]
[BlackClock "0:00:02"]

1. d4 d5 2. Bf4 Nf6 3. e3 c5 4. Nf3 Nc6 5. Nbd2 Bg4 6. c3 e6 7. Qa4 Nd7 8. h3 Bh5 9. Bb5 Qc8 10. c4 a6 11. Bxc6 Qxc6 12. Qxc6 bxc6 13. Rc1 f6 14. O-O Be7 15. Nb3 cxd4 16. exd4 Bxf3 17. gxf3 Nb6 18. Na5 Nxc4 19. Nxc4 dxc4 20. Rxc4 Kd7 21. Rfc1 Rhc8 22. Ra4 g5 23. Be3 Bd6 24. Bd2 Rcb8 25. b3 Rb5 26. Kf1 Rd5 27. Ke2 Bc7 28. Rac4 Bd6 29. Rxc6 Rxd4 30. Rb6 Rxd2+ 31. Kxd2 Bf4+ 32. Kd1 Bxc1 33. Kxc1 a5 34. Rb7+ Kd6 35. Rxh7 Ke5 36. h4 Rc8+ 37. Kd2 Rd8+ 38. Ke3 gxh4 39. Rxh4 Rc8 40. Rc4 Rd8 41. f4+ Kf5 42. Rc5+ Kg4 43. Rxa5 Rd1 44. Ra4 f5 45. Ra6 Re1+ 46. Kd2 Re4 47. Ra4 Kf3 48. Rxe4 Kxe4 49. a4 Kxf4 50. a5 Kf3 51. Ke1 1-0


[Site "https://www.chess.com"]

[Event "Titled Tuesday Blitz December 27 Early 2022"]
[White "Dias, Joao Batista"]
[Black "Osinovsky, Stepan"]
[WhiteFideId "2108240"]
[BlackFideId "4157354"]
[WhiteElo "1796"]
[BlackElo "2241"]
[Result "0-1"]
[Round "04"]
[TimeControl "180+2"]
[Date "2022.12.27"]
[WhiteClock "0:01:05"]
[BlackClock "0:01:03"]

1. e4 e5 2. Nf3 Nc6 3. d4 exd4 4. Nxd4 Bc5 5. Nxc6 Qf6 6. Qd2 dxc6 7. Bd3 Be6 8. O-O O-O-O 9. Nc3 Ne7 10. Qg5 Qxg5 11. Bxg5 Rhe8 12. a3 h6 13. Bh4 Rd7 14. Ne2 g5 15. Bg3 f5 16. exf5 Bxf5 17. Bxf5 Nxf5 18. Nc3 Rd2 19. Rae1 Rxe1 20. Rxe1 Nxg3 21. hxg3 Bxf2+ 22. Kf1 Bxe1 23. Kxe1 Rxc2 0-1


[Site "https://www.chess.com"]

[Event "Titled Tuesday Blitz December 27 Early 2022"]
[White "Domingo Nunez, Ruben"]
[Black "Melikhov, Evgeny V."]
[WhiteFideId "22245570"]
[BlackFideId "4122046"]
[WhiteElo "2416"]
[BlackElo "2269"]
[Result "1-0"]
[Round "04"]
[TimeControl "180+2"]
[Date "2022.12.27"]
[WhiteClock "0:00:06"]
[BlackClock "0:00:01"]

1. e4 e5 2. Nf3 Nc6 3. Bc4 Nf6 4. d3 Be7 5. O-O O-O 6. Re1 d6 7. a4 Be6 8. Nc3 Qd7 9. a5 Nd4 10. Nxd4 exd4 11. Ne2 c5 12. Nf4 Bxc4 13. dxc4 Rfe8 14. a6 b5 15. cxb5 Qxb5 16. b3 Bf8 17. f3 Rab8 18. Qd3 Qxd3 19. Nxd3 d5 20. e5 Nd7 21. Ra5 c4 22. Rxd5 cxd3 23. Rxd7 dxc2 24. Rxa7 Rxb3 25. Rd7 Rb1 26. Kf2 Bc5 27. Rd5 Bb6 28. Ke2 f6 29. f4 fxe5 30. fxe5 Rb3 31. Kd2 d3 32. e6 Bf2 33. Ree5 g6 34. Rxd3 Rxd3+ 35. Kxd3 Kg7 36. Re2 Ba7 37. Bb2+ Kf8 38. Kxc2 Rc8+ 39. Kd3 Rc6 40. Ba3+ Ke8 41. Bb4 Rxa6 42. Kc4 Bb8 43. Kb5 Ra7 44. Rf2 Rb7+ 45. Kc4 Rxb4+ 46. Kxb4 Bxh2 47. Rf7 1-0


[Site "https://www.chess.com"]

[Event "Titled Tuesday Blitz December 27 Early 2022"]
[White "Donskov, Anatoly"]
[Black "Sonis, Francesco"]
[WhiteFideId "24143413"]
[BlackFideId "895733"]
[WhiteElo "2279"]
[BlackElo "2554"]
[Result "1-0"]
[Round "04"]
[TimeControl "180+2"]
[Date "2022.12.27"]
[WhiteClock "0:00:12"]
[BlackClock "0:00:30"]

1. e4 g6 2. d4 Bg7 3. Nf3 d5 4. e5 c5 5. c3 Nc6 6. h3 Bf5 7. Bd3 Be4 8. O-O Nh6 9. Bb5 O-O 10. Bxc6 bxc6 11. Re1 cxd4 12. cxd4 Nf5 13. Ng5 Bxb1 14. Rxb1 Qb6 15. Nf3 c5 16. dxc5 Qxc5 17. b4 Qc4 18. a4 Rfb8 19. Ba3 Bh6 20. e6 f6 21. b5 a6 22. g4 Ng7 23. Bxe7 axb5 24. axb5 Re8 25. Bxf6 Nxe6 26. b6 Rab8 27. b7 Bf4 28. Be5 Bxe5 29. Nxe5 Qc7 30. Qxd5 Kg7 31. Nc6 Nf4 32. Qd4+ Kh6 33. Nxb8 Rxb8 34. Qe5 Nxh3+ 35. Kh2 Qxe5+ 36. Rxe5 Nxf2 37. g5+ Kg7 38. Rc5 1-0


[Site "https://www.chess.com"]

[Event "Titled Tuesday Blitz December 27 Early 2022"]
[White "Eggleston, Thomas A"]
[Black "Herman, Daniel"]
[WhiteFideId "412139"]
[BlackFideId "30935008"]
[WhiteElo "2215"]
[BlackElo "1956"]
[Result "0-1"]
[Round "04"]
[TimeControl "180+2"]
[Date "2022.12.27"]
[WhiteClock "0:00:04"]
[BlackClock "0:00:16"]

1. e4 g6 2. d4 Bg7 3. Nc3 d6 4. Nf3 Nf6 5. h3 O-O 6. Be3 c5 7. d5 e6 8. dxe6 Bxe6 9. Be2 Nc6 10. O-O Re8 11. Ng5 Bc8 12. Bc4 Ne5 13. Bd5 Nxd5 14. exd5 Nc4 15. Bc1 h6 16. Nf3 Bf5 17. a4 a6 18. Nd2 Nxd2 19. Bxd2 b5 20. axb5 axb5 21. Rxa8 Qxa8 22. Nxb5 Qb8 23. c4 Bxb2 24. Bxh6 Bd7 25. Qb1 Bf6 26. Bf4 Be5 27. Bxe5 Rxe5 28. f4 Re2 29. Qd3 Re8 30. Rb1 Bxb5 31. Rxb5 Qd8 32. Rb1 Qf6 33. Rf1 Kg7 34. f5 g5 35. Qd2 Re4 36. Kh1 Rxc4 37. Qd3 Rd4 38. Qf3 Qe5 39. f6+ Kg6 40. Qf2 Qxd5 41. Qc2+ Rd3 42. Rd1 c4 43. Rf1 Qe4 44. Qf2 Rxh3+ 45. Kg1 Rd3 46. Qb6 Qd4+ 47. Qxd4 Rxd4 48. Rc1 d5 49. Rf1 Rd2 50. Re1 c3 51. Rc1 c2 52. Rd1 Rxd1+ 0-1


[Site "https://www.chess.com"]

[Event "Titled Tuesday Blitz December 27 Early 2022"]
[White "Ezat, Mohamed"]
[Black "Rohith Krishna S"]
[WhiteFideId "10600906"]
[BlackFideId "46617051"]
[WhiteElo "2402"]
[BlackElo "2385"]
[Result "0-1"]
[Round "04"]
[TimeControl "180+2"]
[Date "2022.12.27"]
[WhiteClock "0:00:01"]
[BlackClock "0:00:22"]

1. d4 f5 2. e4 fxe4 3. Nc3 Nf6 4. Bg5 g6 5. h4 d5 6. h5 Bg4 7. Be2 Bxe2 8. Qxe2 Nc6 9. O-O-O Rg8 10. hxg6 hxg6 11. Qb5 Qd6 12. Bxf6 exf6 13. Qxd5 Qxd5 14. Nxd5 Kf7 15. Rh7+ Rg7 16. Rxg7+ Bxg7 17. Nxc7 Rd8 18. Ne2 f5 19. c3 a6 20. Kc2 Ne7 21. Nf4 Rh8 22. Ncd5 Nxd5 23. Nxd5 Rh2 24. Rg1 Bh6 25. Kd1 f4 26. Ke2 Ke6 27. Nb4 Kf5 28. c4 Bg7 29. Nc2 g5 30. g3 e3 31. gxf4 Rxf2+ 32. Kxe3 Rxc2 33. Rxg5+ Kf6 34. c5 Rxb2 35. c6 bxc6 36. Rc5 Rxa2 37. Ke4 Kf7 38. Rxc6 Bf6 39. Rc7+ Be7 40. Rc6 Ke8 41. Kf5 Kd7 42. Rh6 Bd6 43. Rh7+ Kc6 44. d5+ Kxd5 45. Rh8 Rf2 46. Rd8 Rxf4+ 47. Kg5 Rd4 48. Ra8 Ra4 49. Kf5 a5 50. Ra6 Ra1 51. Kf6 a4 52. Kf7 a3 53. Ke8 Rc1 54. Kd7 Rc7+ 55. Kd8 Rb7 56. Ra5+ Bc5 57. Ra6 Ra7 0-1


[Site "https://www.chess.com"]

[Event "Titled Tuesday Blitz December 27 Early 2022"]
[White "Fajdetic, Hrvoje"]
[Black "Janaszak, Dawid"]
[WhiteFideId "14501945"]
[BlackFideId "1119206"]
[WhiteElo "2151"]
[BlackElo "2316"]
[Result "0-1"]
[Round "04"]
[TimeControl "180+2"]
[Date "2022.12.27"]
[WhiteClock "0:00:03"]
[BlackClock "0:00:59"]

1. d4 Nf6 2. Bf4 c5 3. d5 d6 4. Nc3 g6 5. e4 Bg7 6. Be2 O-O 7. Nf3 b5 8. Bxb5 Nxe4 9. Nxe4 Qa5+ 10. c3 Qxb5 11. Qe2 Qa4 12. b3 Qa5 13. Bd2 Bb7 14. c4 Qa3 15. Bc1 Qa5+ 16. Bd2 Qb6 17. Rc1 e5 18. dxe6 fxe6 19. Neg5 Re8 20. Bc3 e5 21. O-O Nc6 22. Rfe1 Qc7 23. Ne4 Rad8 24. Qd3 Nd4 25. Bxd4 exd4 26. Neg5 Qc6 27. Ne6 Rc8 28. Nxg7 Kxg7 29. Rxe8 Qxe8 30. Re1 Qd7 31. h3 Re8 32. Qd2 Qc6 33. Rxe8 Qxe8 34. Qf4 Qe7 35. Ng5 d3 36. Nf3 Bxf3 37. gxf3 Qf6 38. Qd2 Qxf3 39. Kh2 Qe2 40. Qf4 Qe5 41. Kg3 Qxf4+ 0-1


[Site "https://www.chess.com"]

[Event "Titled Tuesday Blitz December 27 Early 2022"]
[White "Feng, Eric"]
[Black "Tatarinov, Dmitry"]
[WhiteFideId "30952590"]
[BlackFideId "24160067"]
[WhiteElo "1951"]
[BlackElo "2310"]
[Result "1-0"]
[Round "04"]
[TimeControl "180+2"]
[Date "2022.12.27"]
[WhiteClock "0:00:23"]
[BlackClock "0:01:33"]

1. d4 Nf6 2. c4 e6 3. Nf3 d5 4. g3 Be7 5. Bg2 O-O 6. O-O dxc4 7. Ne5 Nc6 8. Bxc6 bxc6 9. Nxc6 Qd7 10. Nxe7+ Qxe7 11. Qc2 e5 12. dxe5 Qxe5 13. Qxc4 Re8 14. Nc3 Bh3 15. Rd1 Ng4 16. Bf4 Qh5 17. f3 Nxh2 18. Rd5 Nxf3+ 19. exf3 Qxf3 20. Rd2 Rad8 21. Rf2 Qh5 22. Qc6 Be6 23. Re1 Rd7 24. Rxe6 Rd1+ 25. Nxd1 Qxd1+ 26. Kg2 Rxe6 27. Qa8+ 1-0


[Site "https://www.chess.com"]

[Event "Titled Tuesday Blitz December 27 Early 2022"]
[White "Ferreira, Vitor Hugo Vieira"]
[Black "Abdilkhair, Abilmansur"]
[WhiteFideId "2119765"]
[BlackFideId "13716417"]
[WhiteElo "2128"]
[BlackElo "2268"]
[Result "0-1"]
[Round "04"]
[TimeControl "180+2"]
[Date "2022.12.27"]
[WhiteClock "0:01:45"]
[BlackClock "0:01:55"]

1. e4 e5 2. Nf3 Nc6 3. Bb5 a6 4. Ba4 Nf6 5. O-O Be7 6. Re1 b5 7. Bb3 O-O 8. d4 d6 9. c3 Bg4 10. d5 Na5 11. Bc2 c6 12. h3 Bc8 13. dxc6 Qc7 14. Nbd2 Qxc6 15. Nf1 Nc4 16. Ng3 Be6 17. Nh4 Rfe8 18. Qf3 d5 19. Nhf5 Bxf5 20. Qxf5 Nd6 21. Qxe5 Ndxe4 22. Nxe4 dxe4 23. Bxe4 Nxe4 24. Qxe4 Bd6 25. Qxc6 Rxe1# 0-1


[Site "https://www.chess.com"]

[Event "Titled Tuesday Blitz December 27 Early 2022"]
[White "Flis, Pawel"]
[Black "Bettalli, Francesco"]
[WhiteFideId "1112864"]
[BlackFideId "2816453"]
[WhiteElo "1879"]
[BlackElo "2252"]
[Result "0-1"]
[Round "04"]
[TimeControl "180+2"]
[Date "2022.12.27"]
[WhiteClock "0:00:01"]
[BlackClock "0:01:37"]

1. e4 g6 2. d4 Bg7 3. Nc3 c6 4. Nf3 d6 5. h3 Nf6 6. Be3 Qa5 7. Qd2 Nbd7 8. O-O-O b5 9. Kb1 Nb6 10. Bd3 Be6 11. Nd5 Qxd2 12. Nxf6+ Bxf6 13. Rxd2 O-O-O 14. e5 dxe5 15. Nxe5 Bxe5 16. dxe5 Kb7 17. Rhd1 Rd7 18. Be4 Rhd8 19. Rxd7+ Rxd7 20. Rxd7+ Bxd7 21. b3 Bf5 22. Bf3 Nd7 23. g4 Nxe5 24. Bxc6+ Nxc6 25. gxf5 gxf5 26. Kb2 e5 27. c4 f4 28. Bc5 bxc4 29. bxc4 e4 30. Kc3 Kc7 31. a4 Kd7 32. Kd2 Ke6 33. Ke2 a6 34. Bf8 Ne5 35. Bh6 Nxc4 36. Bxf4 f5 37. Bh6 Ne5 38. Bf8 f4 39. Bc5 Kf5 40. Bd4 Nf3 41. Bc5 h5 42. Kf1 Ng5 43. Kg2 Ne6 44. Bb6 Nf8 45. a5 Nd7 0-1


[Site "https://www.chess.com"]

[Event "Titled Tuesday Blitz December 27 Early 2022"]
[White "Forgacs, Attila Jr."]
[Black "Dimitrov, Atanas"]
[WhiteFideId "773654"]
[BlackFideId "2901315"]
[WhiteElo "2264"]
[BlackElo "2269"]
[Result "0-1"]
[Round "04"]
[TimeControl "180+2"]
[Date "2022.12.27"]
[WhiteClock "0:00:07"]
[BlackClock "0:00:51"]

1. e4 c5 2. d3 Nc6 3. g3 Nf6 4. Bg2 g6 5. f4 d6 6. Nf3 Bg7 7. O-O O-O 8. Nc3 Rb8 9. a4 a6 10. h3 b5 11. axb5 axb5 12. Be3 b4 13. Ne2 Bb7 14. Qd2 Nd7 15. Rab1 e6 16. g4 d5 17. f5 dxe4 18. dxe4 Nde5 19. Rfd1 Qxd2 20. Nxd2 Nd4 21. Nxd4 cxd4 22. Bxd4 Rfd8 23. Bxe5 Bxe5 24. Nc4 Bd4+ 25. Kh1 Ba6 26. Na5 Rbc8 27. Rd2 Bc5 28. Rbd1 Rxd2 29. Rxd2 Kg7 30. fxe6 fxe6 31. e5 Rc7 32. Nb3 Ba7 33. Rd6 Bc4 34. Na5 Ba2 35. b3 Be3 36. Nc4 Bf2 37. Rxe6 Bb1 38. Ra6 Bxc2 39. Ra2 Bxb3 40. Rxf2 Bxc4 41. Rb2 b3 42. Kg1 Rc5 43. Kf2 Rxe5 44. Bf1 Bxf1 45. Kxf1 Re3 46. Kg2 Rc3 47. Rb1 Kf6 48. h4 Ke5 49. Re1+ Kf4 50. Re7 Kxg4 51. Rxh7 Rc2+ 52. Kf1 b2 53. Rb7 Rc1+ 54. Ke2 b1=Q 55. Rxb1 Rxb1 56. Kd2 Rh1 57. h5 Rh4 58. hxg6 Rh8 59. g7 Rg8 60. Ke3 Rxg7 61. Ke4 Re7+ 62. Kd5 Kf5 63. Kd6 Re6+ 64. Kd7 Ke5 65. Kc7 Rd6 0-1


[Site "https://www.chess.com"]

[Event "Titled Tuesday Blitz December 27 Early 2022"]
[White "Galchenko, Matvey"]
[Black "Karas, Marek"]
[WhiteFideId "24175480"]
[BlackFideId "14928558"]
[WhiteElo "2438"]
[BlackElo "2227"]
[Result "0-1"]
[Round "04"]
[TimeControl "180+2"]
[Date "2022.12.27"]
[WhiteClock "0:00:10"]
[BlackClock "0:00:04"]

1. f4 d5 2. Nf3 Bg4 3. Ne5 Bf5 4. c4 Nc6 5. e3 Nxe5 6. fxe5 e6 7. Qb3 Rb8 8. Nc3 c6 9. d4 Nh6 10. Be2 Qh4+ 11. g3 Qh3 12. Bd2 Ng4 13. Bf1 Qh5 14. Be2 Qh3 15. cxd5 exd5 16. O-O-O Nf2 17. Rhg1 Nxd1 18. Rxd1 Be7 19. Rf1 O-O 20. Rf2 Bg4 21. Bf1 Qh5 22. Ne2 Bg5 23. h3 Bxe2 24. Rxe2 Qf3 25. Qd1 Qxg3 26. Rg2 Qh4 27. Rg4 Qh6 28. Qf3 f6 29. e6 Rbe8 30. Bd3 g6 31. Qg3 Rxe6 32. h4 Bxe3 33. Bxg6 Bxd2+ 34. Kc2 Re7 35. Bf5+ Rg7 36. Be6+ Kh8 37. Bf5 Rxg4 38. Qxg4 Qg7 39. Qh5 Bh6 40. Bd3 Rg8 41. Qf5 Rf8 42. Qe6 Qf7 43. Qf5 Qg7 44. Kb3 Bd2 45. a4 Ba5 46. h5 Bb6 47. Kc3 Ba5+ 48. b4 Bb6 49. a5 Bd8 50. Kb3 b6 51. a6 c5 52. dxc5 bxc5 53. bxc5 Bc7 54. Qxd5 Be5 55. Qe4 Rb8+ 56. Kc4 Qc7 57. Qf5 Rd8 58. Kb3 Rb8+ 59. Kc2 Qxc5+ 60. Kd1 Qe7 61. h6 Rd8 62. Ke2 Qd7 63. Qe4 Qxd3+ 64. Qxd3 Rxd3 65. Kxd3 Bf4 66. Ke4 Bxh6 67. Kd5 Be3 68. Ke4 Bb6 69. Kf5 Kg7 0-1


[Site "https://www.chess.com"]

[Event "Titled Tuesday Blitz December 27 Early 2022"]
[White "Garcia Almaguer, Juan Manuel"]
[Black "Mahdavi, Reza"]
[WhiteFideId "5110491"]
[BlackFideId "12595926"]
[WhiteElo "2090"]
[BlackElo "2339"]
[Result "0-1"]
[Round "04"]
[TimeControl "180+2"]
[Date "2022.12.27"]
[WhiteClock "0:00:11"]
[BlackClock "0:00:40"]

1. e4 c5 2. Nf3 e6 3. d4 cxd4 4. Nxd4 Nc6 5. Nxc6 bxc6 6. c4 Nf6 7. Nc3 Bb4 8. e5 Ne4 9. Qd4 Qa5 10. Bd2 Nxd2 11. Kxd2 O-O 12. Bd3 Rb8 13. Kc2 Bc5 14. Qh4 h6 15. Qe4 g6 16. Qh4 Qb6 17. Rab1 Bxf2 18. Qxh6 Qe3 19. Qxe3 Bxe3 20. h4 Bf4 21. Rbe1 d5 22. h5 Kg7 23. g3 Bg5 24. hxg6 fxg6 25. Ref1 Ba6 26. b3 Bb7 27. Na4 Be3 28. c5 Bd4 29. Re1 Rf2+ 30. Kb1 Rbf8 31. Rh4 R8f3 32. Rxd4 Rd2 33. Nb2 Ba6 34. Bxa6 Rxd4 35. Bb7 Rxg3 36. Bxc6 Rc3 37. b4 Rxb4 38. Rc1 d4 39. Bd7 Kf7 40. c6 Ke7 41. a3 Rb6 42. c7 Rxc1+ 43. Kxc1 Kxd7 44. Nd3 Kxc7 45. Kd2 Kc6 46. Nb4+ Rxb4 47. axb4 Kd5 48. Kd3 Kxe5 0-1


[Site "https://www.chess.com"]

[Event "Titled Tuesday Blitz December 27 Early 2022"]
[White "Garcia Ramos, Daniel"]
[Black "Klose, Eli"]
[WhiteFideId "32010311"]
[BlackFideId "16242955"]
[WhiteElo "2442"]
[BlackElo "1519"]
[Result "1-0"]
[Round "04"]
[TimeControl "180+2"]
[Date "2022.12.27"]
[WhiteClock "0:00:02"]
[BlackClock "0:00:02"]

1. e4 e6 2. d4 d5 3. Nc3 Bb4 4. e5 Ne7 5. Bd2 b6 6. Qg4 Ng6 7. h4 h5 8. Qg3 Ba6 9. Nge2 Qd7 10. a3 Bxc3 11. Bxc3 c5 12. b4 cxd4 13. Bxd4 Nc6 14. Bb2 Bc4 15. O-O-O a5 16. b5 Bxb5 17. Nf4 Nce7 18. Bxb5 Qxb5 19. Nxg6 Nxg6 20. Rd3 O-O 21. Kb1 Rac8 22. Rb3 Qc5 23. Rc1 b5 24. Qf3 b4 25. Qxh5 bxa3 26. Bxa3 Qc4 27. Bxf8 Rxf8 28. Qf3 Nxe5 29. Qc3 Qf4 30. g3 Qf5 31. Qxa5 Nc4 32. Qb4 Qxf2 33. Rd1 Rd8 34. Qc3 Qa7 35. Qd4 Qa6 36. h5 Ra8 37. Kc1 Qa4 38. Rdd3 Qa6 39. Kd1 Qd6 40. Qf4 Qe7 41. h6 1-0


[Site "https://www.chess.com"]